 Dungeon Crawl Stone Soup version 0.27-a0-1228-gfd60fd639a (webtiles) character file.

Game seed: 2159878316072265555

1317 ZappyNine the Charlatan (level 8, -2/53 (55) HPs)
             Began as a Demonspawn Artificer on June 7, 2021.
             Was a Follower of Hepliaklqana.
             Slain by a necrophage (4 damage)
             ... on level 5 of the Dungeon.
             The game lasted 00:05:40 (5251 turns).

ZappyNine the Charlatan (Demonspawn Artificer)      Turns: 5251, Time: 00:05:40

HP:   -2/53 (55)    AC:  5    Str: 13 (14) XL:     8   Next: 33%
MP:   8/8           EV: 13    Int: 11 (14) God:    Hepliaklqana [*.....]
Gold: 90            SH:  5    Dex: 12 (13) Spells: 7/7 levels left

rFire    . . .     SeeInvis .   o - +2 trident (vamp)
rCold    . . .     Faith    .   (no shield)
rNeg     . . .     Spirit   .   b - +1 leather armour
rPois    .         Reflect  +   (helmet restricted)
rElec    .         Harm     .   (no cloak)
rCorr    .         Rampage  .   h - +0 pair of gloves
Will     .....                  (no boots)
Stlth    +.........             m - amulet of reflection
HPRegen  0.17/turn              (no ring)
MPRegen  0.11/turn              (no ring)

@: hasted, lightly drained, very quick
A: reduced essence, antennae 1, claws 1, powered by pain 1, spiny 1
a: Renounce Religion, Recall Ancestor, Ancestor Identity


You were on level 5 of the Dungeon.
You worshipped Hepliaklqana.
Hepliaklqana was aware of your devotion.
You visited 1 branch of the dungeon, and saw 5 of its levels.

You collected 90 gold pieces.

Inventory:

Hand Weapons
 a - a +0 club
 o - a +2 vampiric trident (weapon)
Missiles
 p - 2 curare-tipped darts
 z - a throwing net
Armour
 b - a +1 leather armour (worn)
 h - a +0 pair of gloves (worn)
Jewellery
 m - an amulet of reflection (around neck)
 v - an amulet of magic regeneration
Wands
 c - a wand of flame (6) (quivered)
 d - a wand of charming (23)
 n - a wand of iceblast (1)
Scrolls
 i - 2 scrolls of identify
 k - 2 scrolls of amnesia
Potions
 j - a potion of degeneration
Miscellaneous
 e - a piece from Xom's chessboard (15/15)


   Skills:
 + Level 5.0 Fighting
 - Level 2.5 Armour
 + Level 4.6 Dodging
 - Level 0.8 Stealth
 + Level 4.0 Unarmed Combat
 + Level 5.8 Evocations


You had 7 spell levels left.
You didn't know any spells.
Your spell library contained the following spells:

 Spells                   Type           Power      Damage    Failure   Level
 Magic Dart               Conj           0%         1d3       41%         1
 Searing Ray              Conj           0%         3d3       56%         2
 Dazzling Flash           Conj/Hex       0%         N/A       80%         3
 Fulminant Prism          Conj/Hex       0%         3d6       99%         4
 Iskenderun's Mystic Bla  Conj/Tloc      0%         2d3       99%         4


Dungeon Overview and Level Annotations

Branches:
Dungeon (5/15)
 Temple: D:4-7

Altars:
Hepliaklqana

Shops:
D:3 *

Annotations:
D:5 Dowan


Innate Abilities, Weirdness & Mutations

Your life essence is reduced to manifest your ancestor. (-10% HP)
You have a pair of small antennae on your head.
You have sharp fingernails.
You sometimes gain a little power by taking damage.
You are partially covered in sharp spines.


Message History

Kateb hits Duvessa.
Unknown command.
Unknown command.
You hit Duvessa but do no damage.
Duvessa is heavily wounded.
You are no longer glowing.
The necrophage hits you.
You feel drained. Duvessa hits you with a +0 short sword!
* * * LOW HITPOINT WARNING * * *
Unknown command.
You hit Duvessa but do no damage.
Duvessa is heavily wounded.
Dowan gestures wildly while chanting.
Dowan blinks!
Kateb hits Duvessa but does no damage.
Unknown command.
Unknown command.
You hit Duvessa.
Duvessa is severely wounded.
The necrophage hits you.
* * * LOW HITPOINT WARNING * * *
Duvessa is struck by your spines. Duvessa hits you with a +0 short sword!
* * * LOW HITPOINT WARNING * * *
Dowan says, "My weaknesses are her strengths!"
Kateb barely misses Duvessa.
You hit Duvessa.
Duvessa is severely wounded.
Duvessa is struck by your spines. Duvessa misses you.
The necrophage is struck by your spines.
The necrophage hits you but does no damage.
Kateb hits Duvessa.
Unknown command.
Unknown command.
Unknown command.
You catch the helpless Duvessa completely off-guard!
You hit Duvessa.
You kill Duvessa!
Dowan screams, "No!
No!"
Dowan seems to find hidden reserves of power!
The necrophage hits you.
You die...

****,* *,* ##.## *,* *,*
#..# *,* *,**** ##.#
****,* *,,,,** #.##
,,,,,* *,,,,,* #^.#
********##+############.#
,,,,,,,,.........ZR...RR#
*,*,*,*,*,*,*,#n#)#.#†###
,,,,,,*,,,,,,,#.@.e...#
**************#########


You could see the friendly Kateb the ancestor, a necrophage (ally target), Dowan
(fast) and a howler monkey skeleton.

Vanquished Creatures
  Grinder (D:5)
  A steam dragon (D:3)
  Duvessa (D:5)
  2 black bears
  An ogre (D:3)
  2 phantoms
  A scorpion (D:4)
  A water moccasin skeleton (D:3)
  A centaur zombie (D:4)
  An iguana (D:5)
  2 orc wizards
  A hound skeleton (D:4)
  10 adders
  4 dart slugs
  16 orcs
  8 ball pythons
  11 endoplasms
  A giant cockroach (D:3)
  10 goblins
  6 hobgoblins
  4 jackals
  8 kobolds
  2 quokkas (D:1)
  A bat (D:2)
  A frilled lizard (D:3)
  4 rats
101 creatures vanquished.

Vanquished Creatures (collateral kills)
  A scorpion (D:4)
  An orc priest (D:4)
  Terence (D:3)
  An orc wizard (D:5)
  An adder (D:4)
  3 orcs
  An endoplasm (D:3)
  2 goblins
  A jackal (D:4)
  A kobold (D:4)
13 creatures vanquished.

Grand Total: 114 creatures vanquished

Notes
Turn   | Place    | Note
-------+----------+-------------------------------------------
     0 | D:1      | ZappyNine the Demonspawn Artificer began the quest for the
                  | Orb.
     0 | D:1      | Reached XP level 1. HP: 15/15 MP: 1/1
    30 | D:1      | Reached skill level 1 in Dodging
   570 | D:1      | Gained mutation: You are partially covered in sharp spines.
                  | [demonic ancestry]
   570 | D:1      | Reached XP level 2. HP: 19/21 MP: 2/2
  1360 | D:2      | Gained mutation: You sometimes gain a little power by
                  | taking damage. [demonic ancestry]
  1360 | D:2      | Reached XP level 3. HP: 20/26 MP: 3/3
  1595 | D:2      | Found a hazy altar of Hepliaklqana.
  1607 | D:2      | Became a worshipper of Hepliaklqana the Forgotten
  2423 | D:2      | Gained mutation: You have sharp fingernails. [demonic
                  | ancestry]
  2423 | D:2      | Reached XP level 4. HP: 14/33 MP: 4/4
  2869 | D:3      | Noticed a steam dragon
  2873 | D:3      | Killed a steam dragon
  2874 | D:3      | Reached skill level 1 in Unarmed Combat
  2874 | D:3      | Reached XP level 5. HP: 40/40 MP: 5/5
  2944 | D:3      | Found Kofous's Assorted Antiques.
  3082 | D:3      | Reached XP level 6. HP: 47/47 MP: 6/6
  3260 | D:3      | Found a faded altar of an unknown god.
  3265 | D:3      | Reached * piety under Hepliaklqana
  3332 | D:3      | Noticed Terence
  3340 | D:3      | Killed Terence
  3669 | D:4      | Gained mutation: You have a pair of small antennae on your
                  | head. [demonic ancestry]
  3669 | D:4      | Reached XP level 7. HP: 37/46 MP: 7/7
  3806 | D:4      | Reached skill level 5 in Evocations
  4738 | D:5      | Entered Level 5 of the Dungeon
  4769 | D:5      | Noticed Grinder
  4776 | D:5      | Paralysed by Grinder for 4 turns
  4784 | D:5      | Paralysed by Grinder for 7 turns
  4797 | D:5      | Killed Grinder
  4798 | D:5      | Reached XP level 8. HP: 28/54 MP: 8/8
  5231 | D:5      | Noticed Dowan
  5232 | D:5      | Noticed Duvessa
  5243 | D:5      | Reached skill level 5 in Fighting
  5249 | D:5      | HP: 1/53 [Duvessa/+0 short sword (7)]
  5251 | D:5      | Killed Duvessa
  5251 | D:5      | Slain by a necrophage

Illustrated notes

Levels and vault maps discovered:
D:1:      shiori_shiawase, layout_loops_cross, supply_closet_lemuel
D:2:      layout_basic, basic_altar
D:3:      layout_basic, serial_shops, shop, hellmonk_ecumenical_altar_run_dry,
          dk_noncrumbling_4, uniq_terence
D:4:      minmay_octagon_keep, layout_basic, chequers_mini_garden
D:5:      layout_basic, hangedman_minor_gate_pass, uniq_grinder, uniq_duvessa

Skill      XL: |  1  2  3  4  5  6  7  8 |
---------------+-------------------------+-----
Dodging        | 1 2 3 4 |  4.6
Armour         | 2 |  2.5
Fighting       | 2 3 4 5 |  5.0
Unarmed Combat | 1 2 3 4 |  4.0
Evocations     | 4 5 |  5.8
Stealth        | |  0.8

Action                   |  1- 3 |  4- 6 |  7- 9 || total
-------------------------+-------+-------+-------++-------
Melee: Club              |    93 |    18 |       ||   111
       Trident           |       |    26 |   117 ||   143
Invok: Recall Ancestor   |       |       |     1 ||     1
Evoke: Wand              |     2 |    10 |     2 ||    14
  Use: Scroll            |       |       |     8 ||     8
       Potion            |       |       |     7 ||     7
 Stab: Sleeping          |     3 |     1 |       ||     4
       Distracted        |       |       |     2 ||     2
Armor: Leather armour    |    33 |     8 |    26 ||    67
       Skin              |       |       |     6 ||     6
Dodge: Dodged            |    47 |    26 |    62 ||   135
Block: Other             |       |     7 |    27 ||    34
       Reflection        |       |       |     2 ||     2

Table legend: (Time is in decaauts)
 A = Elapsed time spent in this place.
 B = Non-inter-level travel time spent in this place.
 C = Inter-level travel time spent in this place.
 D = Time resting spent in this place.
 E = Time spent auto-exploring this place.
 F = Levels seen in this place.
 G = Mean time per level.
                   A        B        C        D        E       F      G
               +--------+--------+--------+--------+--------+-----+--------+
         Total |   5304 |   5242 |     62 |    657 |   3928 |   5 | 1060.8 |
       Dungeon |   5304 |   5242 |     62 |    657 |   3928 |   5 | 1060.8 |
               +--------+--------+--------+--------+--------+-----+--------+

Top non-repeatable levels by time:
     D:2: 1408 daAuts
     D:1: 1366 daAuts
     D:4: 1201 daAuts
     D:3: 823 daAuts
     D:5: 504 daAuts
